 Dungeon Crawl Stone Soup version 0.19.5 (webtiles) character file.

148 spiff the Slasher (level 5, -3/37 HPs)
             Began as a High Elf Fighter on Apr 7, 2017.
             Killed by nerve-wracking pain
             ... invoked by an orc priest
              (12 damage)
             ... on level 3 of the Dungeon.
             The game lasted 00:04:34 (2393 turns).

spiff the Slasher (High Elf Fighter)                Turns: 2393, Time: 00:04:35

Health: -3/37      AC:  6    Str: 19    XL:     5   Next: 8%
Magic:  6/6        EV:  8    Int: 12    God:
Gold:   125        SH:  9    Dex: 14    Spells: 0 memorised, 4 levels left

rFire  . . .     SeeInvis .     a - +0 long sword
rCold  . . .     Gourm    .     b - +0 scale mail
rNeg   . . .     Faith    .     c - +0 shield
rPois  .         Spirit   .     (no helmet)
rElec  .         Reflect  .     (no cloak)
rCorr  .         Harm     .     (no gloves)
MR     .....                    (no boots)
Stlth  ..........               (no amulet)
                                m - ring of wizardry
                                l - +3 ring of strength

@: no status effects
A: no striking features
a: no special abilities


You were on level 3 of the Dungeon.
You were not hungry.

You visited 1 branch of the dungeon, and saw 3 of its levels.

You collected 125 gold pieces.

Inventory:

Hand Weapons
 a - a +0 long sword (weapon)
Armour
 b - a +0 scale mail (worn)
 c - a +0 shield (worn)
Jewellery
 l - a +3 ring of strength (left hand)
 m - a ring of wizardry (right hand)
Scrolls
 i - 3 scrolls of remove curse
 r - a scroll of identify
Potions
 d - a potion of might
 e - 2 potions of degeneration {unknown}
 h - a potion of lignification {unknown}
 j - a potion of resistance {unknown}
 p - 2 potions of berserk rage
 q - a potion of invisibility {unknown}
Comestibles
 f - 2 bread rations
 g - 2 meat rations
 o - a beef jerky


   Skills:
 + Level 4.1 Fighting
 + Level 4.3 Long Blades
 - Level 2.6 Armour
 + Level 2.6 Dodging
 - Level 2.6 Shields


You had 4 spell levels left.
You didn't know any spells.

Dungeon Overview and Level Annotations

Branches:
Dungeon (3/15)

Altars:
Makhleb
Vehumet
Zin

Shops:
D:2 *


Message History

You barely miss the orc priest.
The orc priest is lightly wounded.
You block the orc priest's attack. The orc wizard hits you with a dagger.
* * * LOW HITPOINT WARNING * * *
The orc priest hits you with a whip.
* * * LOW HITPOINT WARNING * * *
The orc wizard barely misses you.
You hit the orc priest but do no damage.
The orc priest is lightly wounded.
The orc priest hits you but does no damage.
The orc wizard hits you but does no damage.
You closely miss the orc priest.
The orc priest is lightly wounded.
The orc priest barely misses you.
The orc wizard hits you but does no damage.
You hit the orc priest but do no damage.
The orc priest is lightly wounded.
The orc priest calls down the wrath of Beogh upon you.
Pain shoots through your body!
You die...

#.# ##..# #.#
####.#####...# #.#
#.<..........# #.#
#.########.#.# #.#
###### #.# #.#.# #.#
.. #.... ..# ##.#.#
#.. .# #...######
#....# ##. .# ####
#......oo#######....##
#. .? ..#
#...####@............#
#. .# #.# #..##
#.#####.......# #.
.####.###..# #.#
#.......# #.
..?)o.<.o..# #.#
##..(.#####.
.o............ ..##
#........#..
#####.o####### #...
#....###.#.. # #..#
###. #.#......... #
#..# #. #.#.########
## #..# #.###.#.#


You could see an orc priest and an orc wizard.

Vanquished Creatures
  6 adders
  5 oozes
  2 worms (D:2)
  3 leopard geckos
  A ball python (D:1)
  A giant cockroach (D:3)
  8 goblins
  5 hobgoblins
  8 jackals
  10 kobolds
  A quokka (D:3)
  5 bats
  4 frilled lizards
  7 rats
66 creatures vanquished.

Notes
Turn   | Place    | Note
-------+----------+-------------------------------------------
     0 | D:1      | spiff the High Elf Fighter began the quest for the Orb.
     0 | D:1      | Reached XP level 1. HP: 16/16 MP: 2/2
    15 | D:1      | Reached XP level 2. HP: 19/21 MP: 3/3
   181 | D:1      | Reached skill level 1 in Dodging
   370 | D:1      | Reached XP level 3. HP: 24/26 MP: 4/4
   695 | D:2      | Reached XP level 4. HP: 16/33 MP: 5/5
   893 | D:2      | Found a burning altar of Makhleb.
  1018 | D:2      | Found a radiant altar of Vehumet.
  1131 | D:2      | Found Zin's Purification Station.
  1131 | D:2      | Found a glowing silver altar of Zin.
  1827 | D:3      | Reached XP level 5. HP: 32/37 MP: 6/6
  2393 | D:3      | Killed from afar by an orc priest

Skill      XL: |  1  2  3  4 |
---------------+-------------+-----
Dodging        | 1 2 |  2.6
Long Blades    | 3 4 |  4.3
Fighting       | 4 |  4.1
Armour         | |  2.6
Shields        | |  2.6

Action                   |  1- 3 |  4- 6 || total
-------------------------+-------+-------++-------
Melee: Long sword        |    75 |   143 ||   218
  Use: Scroll            |       |     5 ||     5
  Eat: Chunk             |       |     5 ||     5
Armor: Scale mail        |    29 |    67 ||    96
Dodge: Dodged            |    25 |    59 ||    84
Block: Shield            |    41 |    82 ||   123
       Rpst.: Long sword |     4 |    20 ||    24
